 Dungeon Crawl Stone Soup version 0.31-a0-978-g1e143483b6 (webtiles) character file.

Game seed: 18426228564649075122

13087 SeanOg the Spear-Bearer (level 11, -17/105 HPs)
             Began as a Minotaur Berserker on Oct 30, 2023.
             Was a High Priest of Trog.
             Killed from afar by a deep elf knight (32 damage)
             ... with a shard of ice
             ... on level 1 of the Elven Halls.
             The game lasted 02:23:38 (23550 turns).

SeanOg the Spear-Bearer (Minotaur Berserker)       Turns: 23550, Time: 02:23:39

Health: -17/105    AC: 12    Str: 26    XL:     11   Next: 71%
Magic:  10/10      EV: 11    Int:  4    God:    Trog [*****.]
Gold:   448        SH: 12    Dex: 14    Spells: 10/10 levels left

rFire   + . .        a - +2 demon trident (drain)
rCold   . . .        Z - +0 kite shield
rNeg    + . .        i - +0 ring mail {rPois}
rPois   +            (helmet restricted)
rElec   .            Y - +2 cloak
rCorr   +            z - +0 pair of gloves
SInv    .            H - +0 pair of boots
Will    ++...        O - amulet "Aweiqo" {Faith rF+ Dex+4}
Stlth   +            k - ring of resist corrosion
HPRegen 1.37/turn    P - ring of Hixosoeno {rN+ rCorr}
MPRegen 0.12/turn

%: faith
@: strong-willed, regenerating
A: horns 2, retaliatory headbutt, subdued magic 1
a: Renounce Religion, Berserk, Trog's Hand, Brothers in Arms


You were on level 1 of the Elven Halls.
You worshipped Trog.
Trog was extremely pleased with you.
You visited 4 branches of the dungeon, and saw 15 of its levels.

You collected 926 gold pieces.
You spent 478 gold pieces at shops.

Inventory:

Hand Weapons
 a - a +2 demon trident of draining (weapon)
 b - a +1 sling of freezing
 m - a +4 antimagic bardiche
 A - a +0 trident of electrocution
 R - the +7 whip of Focus {antimagic, *Noise rF+ Str+3 Dex+2}
   (You found it on level 8 of the Dungeon)

   Str+3:     It affects your strength (+3).
   Dex+2:     It affects your dexterity (+2).
   rF+:       It protects you from fire.
   *Noise:    It may make a loud noise when swung.
Missiles
 d - 22 boomerangs
 C - 27 poisoned darts (quivered)
 E - a throwing net
Armour
 g - a +3 leather armour of fire resistance
 h - a +0 plate armour
 i - a +0 ring mail of poison resistance (worn)
 l - a +2 ring mail of willpower
 z - a +0 pair of gloves (worn)
 D - an orb of light
 H - a +0 pair of boots (worn)
 W - an orb of guile
 Y - a +2 cloak (worn)
 Z - a +0 kite shield (worn)
Jewellery
 c - a ring of magical power
 k - a ring of resist corrosion (left hand)
 B - an amulet of regeneration
 G - a ring of fire
 O - the amulet "Aweiqo" (around neck) {Faith rF+ Dex+4}
   (You found it on level 5 of the Dungeon)

   [amulet of faith]

   Faith:     It allows you to gain divine favour quickly.
   Dex+4:     It affects your dexterity (+4).
   rF+:       It protects you from fire.
 P - the ring of Hixosoeno (right hand) {rN+ rCorr}
   (You found it on level 6 of the Dungeon)

   [ring of resist corrosion]

   rN+:       It protects you from negative energy.
   rCorr:     It protects you from acid and corrosion.
Talismans
 t - a storm talisman
Wands
 e - a wand of paralysis (17)
 y - a wand of mindburst (7)
 S - a wand of iceblast (27)
 T - a wand of digging (6)
 V - a wand of acid (3)
 X - a wand of flame (6)
Scrolls
 j - 6 scrolls of enchant armour
 q - a scroll of revelation
 v - 3 scrolls of blinking
 x - 2 scrolls of fog
 L - a scroll of fear
 M - 2 scrolls of enchant weapon
 Q - 4 scrolls of teleportation
Potions
 f - a potion of berserk rage
 o - 2 potions of mutation
 p - 3 potions of enlightenment
 s - a potion of brilliance
 u - a potion of lignification {unknown}
 F - a potion of invisibility
 I - 2 potions of attraction {unknown}
 J - 2 potions of cancellation
 K - 3 potions of heal wounds
Miscellaneous
 r - a phial of floods


   Skills:
 + Level 12.7 Fighting
 - Level 14.0 Polearms
 - Level 1.3 Ranged Weapons
 + Level 6.3 Armour
 - Level 2.2 Dodging
 + Level 11.8 Shields


You had 10 spell levels left.
You didn't know any spells.
Your spell library was empty.

Dungeon Overview and Level Annotations

Branches:
Dungeon (11/15)            Temple (1/1) D:4            Lair (0/5) D:10
    Orc (2/2) D:11            Elf (1/3) Orc:2

Altars:
Ashenzari
Cheibriados
Dithmenos
Elyvilon
Fedhas
Gozag
Hepliaklqana
Kikubaaqudgha
Makhleb
Nemelex Xobeh
Okawaru
Qazlal
Ru
Sif Muna
Trog
Uskayaw
Vehumet
Wu Jian
Xom
Yredelemnul
Zin
The Shining One

Shops:
D:7 (   D:9 (   D:10 [(***


Innate Abilities, Weirdness & Mutations

You have a pair of horns on your head.
You reflexively headbutt those who attack you in melee.
Your spells are a little easier to cast, but a little less powerful.


Message History

The deep elf archer shouts!
The deep elf archer unwields a +0 dagger.
The deep elf archer wields a +0 shortbow.
The deep elf archer shoots an arrow.
The arrow hits you!
You hear a shout!
A deep elf knight comes into view.
It is wielding a +2 short sword of speed.
The deep elf archer shoots an arrow.
You block the arrow.
The deep elf archer shoots an arrow.
The arrow hits you!!
You hear a shout!
You hear a shout!
The deep elf knight gestures wildly while chanting.
The deep elf knight seems to speed up.
The deep elf knight mumbles some strange words.
The deep elf knight flickers and vanishes!
Deactivating autopickup; reactivate with Ctrl-A.
No target in view!
Reach: a) +2 demon trident (drain)
Press: ? - help, Dir - move target You reach to attack!
You miss something.
You start resting.
Something hits you but does no damage. Something hits you.
Reach: a) +2 demon trident (drain)
Press: ? - help, Dir - move target, f - deep elf archer
Aim: a deep elf archer, wielding a +0 shortbow and wearing a +0 leather armour (repelling missiles, about 40% to evade your +2 demon trident of draining)
You reach to attack!
You hit the deep elf archer.
The deep elf archer is lightly wounded.
You hear some strange, mumbled words.
A lance of force appears from out of thin air!
The lance of force hits you!!!
* * * LOW HITPOINT WARNING * * *
You are knocked back by the lance of force.
You slam into the rock wall!
* * * LOW HITPOINT WARNING * * *
The deep elf archer casts a spell.
The deep elf archer blinks!
Your skin crawls.
You feel strong-willed.
You hear some strange, mumbled words.
A shard of ice appears from out of thin air!
The shard of ice hits you!!
You die...

##### ##.<.##
#.#####@....+
..e...#{....+
+....ยง.....#
#..........#
##....#...e#
#.........#
###.......+
#......##
#.....##


You could see a deep elf archer (repels missiles).

Vanquished Creatures
  An orc high priest (Orc:1)
  A deep elf knight (Elf:1)
  Amaemon (D:9)
  Pikel (D:5)
  2 necromancers (Elf:1)
  A cyclops (D:11)
  A rust devil (D:10)
  An orange demon (D:9)
  Jeremiah (D:8)
  A kobold demonologist (D:10)
  An ice devil (D:10)
  A red devil (D:10)
  A troll (shapeshifter) (D:9)
  A hellwing (D:10)
  3 trolls
  5 yaks
  A ynoxinul (D:10)
  2 steam dragons
  2 basilisks (D:10)
  2 wyverns
  A warg (Orc:1)
  3 water moccasins
  7 orc warriors
  Duvessa (D:5)
  An ice beast (D:6)
  5 black bears
  3 ogres
  2 centaurs
  A phantom (D:4)
  2 elf zombies (Elf:1)
  A kobold brigand (D:6)
  3 bullfrogs
  A gnoll sergeant (D:10)
  A scorpion (D:4)
  6 wights
  Dowan (D:5)
  9 killer bees
  5 howler monkeys
  2 quasits (D:10)
  3 jellies
  A gnoll bouda (D:9)
  7 orc priests
  3 hounds
  2 iguanas
  A sleepcap (D:8)
  Jessica (D:2)
  Natasha (twice) (D:3)
  Ijyb (D:3)
  20 orc wizards
  Robin (D:2)
  10 adders
  14 gnolls
  2 shadow imps
  3 white imps
  2 ufetubi (D:5)
  4 worms
  2 dart slugs (D:2)
  71 orcs
  4 endoplasms
  4 giant cockroaches
  21 goblins
  23 hobgoblins
  8 jackals
  4 quokkas
  5 ball pythons
  6 bats
  7 frilled lizards
  17 kobolds
  2 rats (D:2)
336 creatures vanquished.

Notes
Turn   | Place    | Note
-------+----------+-------------------------------------------
     0 | D:1      | SeanOg the Minotaur Berserker began the quest for the Orb.
     0 | D:1      | Reached XP level 1. HP: 19/19 MP: 0/0
   236 | D:1      | Reached skill level 4 in Polearms
   363 | D:1      | Reached XP level 2. HP: 27/27 MP: 1/1
  1694 | D:2      | Reached XP level 3. HP: 33/33 MP: 2/2
  1718 | D:2      | Reached ** piety under Trog
  1759 | D:2      | Noticed Robin
  1781 | D:2      | Killed Robin
  1796 | D:2      | Reached XP level 4. HP: 18/40 MP: 3/3
  2221 | D:2      | Noticed Jessica
  2227 | D:2      | Killed Jessica
  2228 | D:2      | Reached skill level 5 in Polearms
  2228 | D:2      | Reached skill level 1 in Ranged Weapons
  2648 | D:2      | Reached *** piety under Trog
  2652 | D:2      | Reached XP level 5. HP: 37/47 MP: 4/4
  2914 | D:2      | Found a faded altar of an unknown god.
  5030 | D:3      | Found a blossoming altar of Fedhas.
  5053 | D:3      | Noticed Ijyb
  5055 | D:3      | Paralysed by Ijyb for 2 turns
  5082 | D:3      | Killed Ijyb
  5083 | D:3      | Reached skill level 6 in Polearms
  5344 | D:3      | Noticed Natasha
  5348 | D:3      | Killed Natasha
  5456 | D:3      | Reached XP level 6. HP: 49/53 MP: 5/5
  5483 | D:3      | Found a bloodstained altar of Trog.
  5483 | D:3      | Found a sacrificial altar of Ru.
  5619 | D:3      | Noticed Natasha
  5630 | D:3      | Killed Natasha
  5631 | D:3      | Reached skill level 7 in Polearms
  5910 | D:4      | Found a basalt altar of Yredelemnul.
  6807 | D:4      | Reached skill level 8 in Polearms
  6892 | D:4      | Reached **** piety under Trog
  6925 | D:4      | Identified the +7 short sword "Niriojau" {vamp, +Blink rN+
                  | SInv}
  7055 | D:4      | Reached skill level 5 in Fighting
  7055 | D:4      | Reached skill level 1 in Shields
  7055 | D:4      | Reached XP level 7. HP: 59/61 MP: 6/6
  7068 | D:4      | Found a burning altar of Makhleb.
  7068 | D:4      | Found a glowing silver altar of Zin.
  7169 | D:4      | Noticed an angel
  7169 | D:4      | Noticed a green death
  7277 | D:4      | Found a staircase to the Ecumenical Temple.
  7357 | Temple   | Entered the Ecumenical Temple
  7650 | D:5      | Entered Level 5 of the Dungeon
  7650 | D:5      | Noticed Dowan
  7663 | D:5      | Killed Dowan
  7691 | D:5      | Noticed Duvessa
  7700 | D:5      | Killed Duvessa
  7956 | D:5      | Noticed Pikel
  7976 | D:5      | Killed Pikel
  7977 | D:5      | Reached skill level 9 in Polearms
  7977 | D:5      | Reached XP level 8. HP: 58/73 MP: 7/7
  8012 | D:5      | Reached skill level 5 in Shields
  8688 | D:5      | Reached skill level 10 in Polearms
  8724 | D:5      | Found a radiant altar of Vehumet.
  8829 | D:5      | Identified the amulet "Aweiqo" {Faith rF+ Dex+4}
  9070 | D:6      | Identified the ring of Hixosoeno {rN+ rCorr}
  9276 | D:6      | You fall into a shaft and drop 2 floors!
  9294 | D:8      | Reached XP level 9. HP: 76/81 MP: 8/8
  9300 | D:8      | Identified the +7 whip of Focus {antimagic, *Noise rF+
                  | Str+3 Dex+2}
  9357 | D:8      | Reached ***** piety under Trog
  9902 | D:6      | Received a gift from Trog
 10710 | D:6      | Identified the +8 short sword of Royalism {chaos, rPois
                  | Dex-4 Stlth+}
 12523 | D:7      | Reached skill level 11 in Polearms
 12674 | D:7      | Found Ibuffoblo's Antique Weapon Shop.
 14416 | D:8      | Reached XP level 10. HP: 93/93 MP: 9/9
 14421 | D:8      | Reached skill level 10 in Fighting
 14535 | D:8      | Noticed Jeremiah
 14609 | D:8      | Killed Jeremiah
 15259 | D:9      | Noticed an orange demon
 15259 | D:9      | Noticed Amaemon
 16041 | D:9      | Reached skill level 12 in Polearms
 16440 | D:9      | Found Hupi's Weapon Shoppe.
 17370 | D:9      | Killed Amaemon
 17371 | D:9      | Reached skill level 10 in Shields
 17378 | D:9      | Killed an orange demon
 18179 | D:9      | Found an ornate altar of the Wu Jian Council.
 18294 | D:10     | Entered Level 10 of the Dungeon
 18305 | D:10     | Noticed a rust devil
 18324 | D:10     | Killed a rust devil
 18325 | D:10     | Reached skill level 13 in Polearms
 18739 | D:10     | Found a shadowy altar of Dithmenos.
 18817 | D:10     | Found Korroppuh's General Store.
 18825 | D:10     | Found Ochoer's Weapon Shop.
 18829 | D:10     | Found Efuh's Assorted Antiques.
 18874 | D:10     | Found Koxat's Antique Armour Emporium.
 19152 | D:10     | Bought a runed cloak for 165 gold pieces
 19205 | D:10     | Reached XP level 11. HP: 80/103 MP: 10/10
 20079 | D:10     | Gained mutation: Your spells are a little easier to cast,
                  | but a little less powerful. [a neqoxec]
 20347 | D:10     | Found a staircase to the Lair.
 20498 | D:10     | Found Eppeceu's Hallowed Reliquary.
 20498 | D:10     | Noticed an angel
 20750 | D:10     | Bought 2 emerald potions for 57 gold pieces
 20750 | D:10     | Bought a gold wand for 128 gold pieces
 20750 | D:10     | Bought a tapered copper wand for 128 gold pieces
 21668 | D:11     | Found a staircase to the Orcish Mines.
 21699 | Orc:1    | Entered Level 1 of the Orcish Mines
 21710 | Orc:1    | Reached skill level 5 in Armour
 22208 | Orc:1    | Noticed an orc high priest
 22237 | Orc:1    | Killed an orc high priest
 22815 | Orc:2    | Entered Level 2 of the Orcish Mines
 22815 | Orc:2    | Found a staircase to the Elven Halls.
 22839 | Vaults:5 | Identified the "Koh Fog"
 22839 | Vaults:5 | Identified the "Dafryatu"
 22839 | Crypt:3  | Identified the of Olafuj
 22839 | Depths:1 | Identified the "Ojam"
 22839 | Depths:1 | Identified the "Fummunnit"
 22839 | Depths:1 | Identified the "Eczetef"
 22839 | Depths:1 | Identified the "Sidicvoh"
 22839 | Depths:1 | Identified the of Uducoub
 22839 | Depths:1 | Identified the of Caecvarya
 22839 | Depths:2 | Identified the "Beruc"
 22839 | Elf:1    | Identified the "Lypi"
 22839 | Elf:1    | Entered Level 1 of the Elven Halls
 22850 | Elf:1    | Noticed a deep elf knight
 22853 | Elf:1    | Noticed a necromancer
 22854 | Elf:1    | Noticed a necromancer
 22864 | Elf:1    | Killed a deep elf knight
 22874 | Elf:1    | Killed a necromancer
 22875 | Elf:1    | Reached skill level 14 in Polearms
 22876 | Elf:1    | Killed a necromancer
 23539 | Elf:1    | Noticed a deep elf archer
 23540 | Elf:1    | Noticed a deep elf knight
 23550 | Elf:1    | Killed from afar by a deep elf knight

Illustrated notes

Levels and vault maps discovered:
D:1:      scummos_arrival_checkerplants, layout_loops_ring
D:2:      minmay_chambers_of_twos, layout_loops_ring,
          nicolae_ecumenical_oubliette, amethyst_killhole,
          minmay_close_crescents, uniq_jessica, uniq_robin
D:3:      layout_rooms, mainiacjoe_overflow_cross_hatched,
          gammafunk_temple_overflow_pools, uniq_natasha, uniq_ijyb
D:4:      corexii_shantytown, layout_loops_ring,
          grunt_temple_overflow_order_and_chaos_2, overflow_temple_1_default,
          minmay_temple_entry_waves
D:5:      layout_basic, nicolae_overflow_hidden_temple, uniq_duvessa, uniq_pikel
D:6:      layout_layer_cave, kb_lookout_dungeons_type, lightli_orcish_oven
D:7:      cheibrodos_quashed, layout_basic, serial_shops, nicolae_lakefront_shop
D:8:      layout_basic, minmay_crystal_room, uniq_jeremiah
D:9:      layout_irregular_city, pdpol_wu_jian_five_deadly_venoms, serial_shops,
          shop_fountains, kennysheep_just_a_vault, uniq_amaemon
D:10:     layout_roguey, nicolae_dithmenos_the_darkroom, david_lair_generic,
          serial_demonic, serial_demonic_f, serial_demonic_f, serial_demonic_c,
          serial_demonic_e, serial_shops, nicolae_shop_statue_plus, shop, shop,
          nicolae_take_the_stairs, nicolae_good_shop
D:11:     layout_loops_cross, hiddenorc1_lemuel, serial_shops,
          nicolae_shop_window_shopping, nicolae_trove_entry_columns
Temple:   nicolae_temple_figure_eight
Orc:1:    layout_diamond_mine, serial_shops, shop, minmay_orc_barracks
Orc:2:    st_orc_town, layout_caves, uniq_nessos, uniq_donald
Elf:1:    layout_gridlike, minmay_elf_necromancy, minmay_shop_grove,
          grunt_megastairs_4

Skill      XL: |  1  2  3  4  5  6  7  8  9 10 11 |
---------------+----------------------------------+-----
Polearms       | 4 5 6 8 9 10 11 13 14 | 14.0
Fighting       | 4 5 7 8 9 11 12 | 12.7
Armour         | 3 6 |  6.3
Ranged Weapons | 1 |  1.3
Shields        | 1 4 6 8 10 11 | 11.8
Dodging        | |  2.2

Action                     |  1- 3 |  4- 6 |  7- 9 | 10-12 || total
---------------------------+-------+-------+-------+-------++-------
  Melee: Spear             |    96 |   258 |       |       ||   354
         Headbutt          |     8 |    43 |    52 |   119 ||   222
         Punch             |     2 |     5 |       |       ||     7
         Trident           |       |    55 |   313 |   386 ||   754
         Demon trident     |       |       |       |   101 ||   101
   Fire: Sling             |     7 |       |       |       ||     7
  Throw: Stone             |     2 |     1 |       |       ||     3
         Dart              |       |       |       |     1 ||     1
 Invoke: Trog's Hand       |       |     2 |       |     4 ||     6
         Berserk           |       |     1 |     2 |     5 ||     8
    Use: Scroll            |       |    11 |     8 |     4 ||    23
         Potion            |       |       |     1 |     1 ||     2
   Stab: Distracted        |     2 |       |       |       ||     2
 Armour: Animal skin       |    24 |    23 |       |       ||    47
         Scale mail        |       |    22 |       |       ||    22
         Ring mail         |       |    68 |   146 |   186 ||   400
  Dodge: Dodged            |    48 |    82 |    91 |   111 ||   332
  Block: Kite shield       |       |     6 |   131 |   148 ||   285

Table legend: (Time is in decaauts)
 A = Elapsed time spent in this place.
 B = Non-inter-level travel time spent in this place.
 C = Inter-level travel time spent in this place.
 D = Time resting spent in this place.
 E = Time spent auto-exploring this place.
 F = Levels seen in this place.
 G = Mean time per level.
                   A        B        C        D        E       F      G
               +--------+--------+--------+--------+--------+-----+--------+
         Total |  23384 |  23214 |    170 |  13145 |   2694 |  15 | 1558.9 |
       Dungeon |  21488 |  21318 |    170 |  11619 |   2694 |  11 | 1953.5 |
        Temple |     45 |     45 |      0 |      0 |      0 |   1 |   45.0 |
  Orcish Mines |   1145 |   1145 |      0 |    874 |      0 |   2 |  572.5 |
   Elven Halls |    705 |    705 |      0 |    652 |      0 |   1 |  705.0 |
               +--------+--------+--------+--------+--------+-----+--------+

Top non-repeatable levels by time:
     D:2: 3170 daAuts
     D:6: 3154 daAuts
     D:8: 3095 daAuts
    D:10: 2783 daAuts
     D:9: 2236 daAuts
     D:1: 1808 daAuts
     D:4: 1683 daAuts
     D:5: 1288 daAuts
   Orc:1: 1121 daAuts
     D:3: 895 daAuts
     D:7: 827 daAuts
   Elf:1: 705 daAuts
    D:11: 546 daAuts
  Temple: 45 daAuts
   Orc:2: 23 daAuts
